 Dungeon Crawl Stone Soup version 0.25-a0-185-g6cfeca75b2 (webtiles) character file.

Game seed: 4186292444663011064, levelgen mode: deterministic

46 MisterFreud the Chiller (level 3, 0/21 HPs)
             Began as an Octopode Ice Elementalist on Nov 27, 2019.
             Succumbed to an adder's poison
             ... on level 2 of the Dungeon.
             The game lasted 00:02:16 (1227 turns).

MisterFreud the Chiller (Octopode Ice Elementalist) Turns: 1227, Time: 00:02:17

Health: 0/21       AC:  1    Str:  7    XL:     3   Next: 66%
Magic:  7/7        EV: 13    Int: 18    God:
Gold:   103        SH:  0    Dex: 12    Spells: 6/7 levels left

rFire    . . .     SeeInvis .   (no weapon)
rCold    + . .     Gourm    .   (no shield)
rNeg     . . .     Faith    .   (helmet restricted)
rPois    .         Spirit   .   (no amulet)
rElec    .         Reflect  .   (no ring)
rCorr    .         Harm     .   (no ring)
MR       .....                  (no ring)
Stlth    +++.......             (no ring)
HPRegen  0.07/turn              (no ring)
MPRegen  0.10/turn              (no ring)
                                (no ring)
                                (no ring)

@: lethally poisoned (0 -> -6)
A: almost no armour, stealthy swim, amphibious, 8 rings, constrict 8, camouflage
1, cold resistance 1, wild magic 1, gelatinous body 1
a: no special abilities


You were on level 2 of the Dungeon.
You were not hungry.

You visited 1 branch of the dungeon, and saw 2 of its levels.

You collected 103 gold pieces.

Inventory:

Missiles
 d - 74 stones (quivered)
 j - 5 javelins
Scrolls
 g - 3 scrolls of noise {unknown}
 i - a scroll of random uselessness {unknown}
Potions
 a - 2 potions of might
 e - a potion of degeneration
Comestibles
 b - 3 rations
 c - a chunk of flesh


   Skills:
 - Level 2.0 Dodging
 - Level 2.6 Stealth
 + Level 2.9 Spellcasting
   Level 1.0 Conjurations
 + Level 3.8 Ice Magic


You had 6 spell levels left.
You knew the following spells:

 Your Spells              Type           Power        Failure   Level  Hunger
a - Freeze                Ice            ###.         5%          1    None

Your spell library contained the following spells:

 Spells                   Type           Power        Failure   Level  Hunger
 Throw Frost              Conj/Ice       ##....       13%         2    ##.....
 Ozocubu's Armour         Chrm/Ice       ##......     30%         3    ###....
 Throw Icicle             Conj/Ice       ##......     61%         4    ####...
 Summon Ice Beast         Ice/Summ       ##......     67%         4    ####...


Dungeon Overview and Level Annotations

Branches:
Dungeon (2/15)

Altars:


Innate Abilities, Weirdness & Mutations

You cannot wear most types of armour.
You are very stealthy in the water. (Stealth+)
You are amphibious.
You can wear up to eight rings at the same time.
You can use your tentacles to constrict eight enemies at once.
Your skin changes colour to match your surroundings (Stealth+).
Your rubbery body absorbs attacks. (AC +1, EV +1)
Your flesh is cold resistant. (rC+)
Your spells are a little harder to cast, but a little more powerful.


Message History

It is a scroll of identify.
a - 2 potions of might
* * * LOW HITPOINT WARNING * * *
You feel sick.
As you read the scroll of identify, it crumbles to dust.
e - a potion of degeneration
As you read the scroll of identify, it crumbles to dust.
h - a potion of mutation
* * * LOW HITPOINT WARNING * * *
You feel sick.
Okay, then.
Really quaff the potion of mutation?
You feel extremely strange.
You feel less in control of your magic.
You feel resistant to cold.
There is a lethal amount of poison in your body!
* * * LOW HITPOINT WARNING * * *
You feel sick.
There is an open door here.
You see here a frilled lizard skeleton.
You die...

#.... '.... ## #.... . #.
#... .. #.###+#.####...
#............#
#............#
#..†..@......#
#.......^....# .
#............# ..
#.###÷#.####.# ... #.
#.#... # .....
##+###.############....#
...................#.#...
##.........#######.#.....
#.........# #.####..


There were no monsters in sight!

Vanquished Creatures
  An adder (D:2)
  A worm (D:2)
  A dart slug (D:1)
  A leopard gecko (D:1)
  3 bats (D:1)
  6 goblins
  4 hobgoblins (D:1)
  2 jackals (D:1)
  2 kobolds (D:1)
  5 frilled lizards
  5 rats
31 creatures vanquished.

Notes
Turn   | Place    | Note
-------+----------+-------------------------------------------
     0 | D:1      | MisterFreud the Octopode Ice Elementalist began the quest
                  | for the Orb.
     0 | D:1      | Reached XP level 1. HP: 11/11 MP: 3/3
    66 | D:1      | Reached XP level 2. HP: 6/17 MP: 3/5
   749 | D:1      | Reached XP level 3. HP: 15/21 MP: 6/6
  1223 | D:2      | Gained mutation: Your spells are a little harder to cast,
                  | but a little more powerful. [potion of mutation]
  1223 | D:2      | Gained mutation: Your flesh is cold resistant. (rC+)
                  | [potion of mutation]
  1224 | D:2      | HP: 1/21 [poisoned by an adder]
  1227 | D:2      | Succumbed to an adder's poison

Levels and vault maps discovered:
D:1:      mrwooster_arrival_arrow, layout_rooms
D:2:      layout_basic, amethyst_overflow_temple_binary,
          minmay_misc_feat_enclosed, uniq_terence

Action                   || total
-------------------------++-------
Melee: Unarmed           ||    90
       Constrict         ||    26
       Tentacles         ||    14
 Cast: Freeze            ||     7
  Use: Scroll            ||     3
       Potion            ||     1
 Stab: Sleeping          ||     9
  Eat: Chunk             ||     1
Armor: Skin              ||    19
Dodge: Dodged            ||    75

Table legend:
 A = Non-vault XP
 B = Vault XP
 C = Vault XP percentage of total XP
 D = Non-vault monster count
 E = Vault monster count
 F = Vault count percentage of total count
                 A         B        C        D         E       F
            +---------+---------+-------+---------+---------+-------
      Total |      66 |       0 |   0.0 |      31 |       0 |   0.0
            +---------+---------+-------+---------+---------+-------
        D:1 |      41 |       0 |   0.0 |      24 |       0 |   0.0
        D:2 |      25 |       0 |   0.0 |       7 |       0 |   0.0
            +---------+---------+-------+---------+---------+-------
